 Dungeon Crawl Stone Soup version 0.17.0 (webtiles) character file.

349904 patrick the Warrior (level 21, -3/199 HPs)
             Began as a Minotaur Fighter on Nov 14, 2015.
             Was an Elder of Qazlal.
             Killed from afar by a quicksilver dragon (35 damage)
             ... with a bolt of dispelling energy
             ... on level 5 of the Vaults on Nov 15, 2015.
             The game lasted 01:50:41 (42872 turns).

patrick the Warrior (Minotaur Fighter)             Turns: 42872, Time: 01:50:42

Health: -3/199     AC: 35    Str: 34    XL:     21   Next: 26%
Magic:  32/32      EV: 16    Int:  6    God:    Qazlal [****..]
Gold:   733        SH:  5    Dex: 10    Spells: 11 memorised, 15 levels left

rFire  x . .     SeeInvis +     a - +9 battleaxe of the Vine {elec, rC+ Int+4}
rCold  + + +     Clarity  .     x - +5 ice dragon armour
rNeg   + . .     SustAt   .     (shield currently unavailable)
rPois  +         Gourm    .     (helmet restricted)
rElec  +         Spirit   .     v - +2 cloak of Action {rCorr Str+4 Int-4}
rCorr  +         Warding  .     j - +2 pair of gloves
rMut   .         Stasis   .     t - +2 pair of boots {Fly}
MR     ++...                    C - amulet "Qidwun" {Faith rN+ MR+}
Stlth  ..........               A - ring "Omachaf" {+Inv rPois rC+}
                                y - +6 ring of slaying

@: flying, repel missiles, drained, very resistant to hostile enchantments,
extremely unstealthy
A: retaliatory headbutt, claws 1, horns 2, icy blue scales 1, molten scales 1,
see invisible, electricity resistance
a: Upheaval, Elemental Force, Renounce Religion, Evoke Invisibility
}: 2/15 runes: decaying, serpentine


You were on level 5 of the Vaults.
You worshipped Qazlal.
Qazlal was greatly pleased with you.
You were not hungry.

You visited 6 branches of the dungeon, and saw 40 of its levels.
You also visited: Labyrinth, Sewer and Ice Cave.

You collected 4779 gold pieces.
You spent 4046 gold pieces at shops.

Inventory:

Hand Weapons
 a - the +9 battleaxe of the Vine (weapon) {elec, rC+ Int+4}
   (You found it on level 11 of the Dungeon)

   Occasionally, upon striking a foe, it will discharge some electrical energy
   and cause terrible harm.
   It affects your intelligence (+4).
   It protects you from cold.
 b - the +7 war axe "Asoal" {freeze, rPois MR+ Int-5}
   (You bought it in a shop on level 14 of the Dungeon)

   It has been specially enchanted to freeze those struck by it, causing extra
   injury to most foes and up to half again as much damage against particularly
   susceptible opponents.
   It can also slow down cold-blooded creatures.
   It affects your intelligence (-5).
   It protects you from poison.
   It affects your resistance to hostile enchantments.
 c - a +1 battleaxe of flaming
 G - a +1 war axe of venom
Armour
 j - a +2 pair of gloves (worn)
 q - the +0 large shield of Deomunn {Regen+ Int-3 Stlth+}
   (You found it on level 7 of the Dungeon)

   It affects your intelligence (-3).
   It increases your rate of regeneration.
   It makes you more stealthy.
 t - a +2 pair of boots of flying (worn)
 v - the +2 cloak of Action (worn) {rCorr Str+4 Int-4}
   (You acquired it on level 4 of the Snake Pit)

   It affects your strength (+4).
   It affects your intelligence (-4).
   It protects you from acid and corrosion.
 x - a +5 ice dragon armour (worn)
Rods
 d - a +9 rod of clouds (10/10)
   (You found it in a labyrinth)
 e - a +9 rod of ignition (17/17)
   (You found it on level 11 of the Dungeon)
Jewellery
 f - an uncursed amulet of warding
 y - a +6 ring of slaying (left hand)
 A - the ring "Omachaf" (right hand) {+Inv rPois rC+}
   (You found it in a labyrinth)

   [ring of poison resistance]

   It protects you from cold.
   It protects you from poison.
   It lets you turn invisible.
 C - the amulet "Qidwun" (around neck) {Faith rN+ MR+}
   (You bought it in a shop on level 14 of the Dungeon)

   [amulet of faith]

   It allows you to gain divine favour quickly.
   It protects you from negative energy.
   It affects your resistance to hostile enchantments.
 J - an uncursed ring of protection from fire
 L - an uncursed amulet of rage
Wands
 i - a wand of cold (7)
 n - a wand of heal wounds (0)
 w - a wand of lightning (7)
 F - a wand of draining (7)
 H - a wand of lightning (9)
 U - a wand of fire (2)
 X - a wand of teleportation (5)
Scrolls
 g - 9 scrolls of fog
 k - a scroll of holy word
 m - 10 scrolls of magic mapping
 o - 13 scrolls of remove curse
 p - 5 scrolls of identify
 D - a scroll of amnesia
 O - 13 scrolls of teleportation
 Q - 2 scrolls of recharging
 W - 5 scrolls of fear
 Z - a scroll of brand weapon
Potions
 h - 2 potions of brilliance
 l - a potion of cure mutation
 s - 12 potions of curing
 K - 4 potions of magic
Comestibles
 B - 12 meat rations
 P - 26 bread rations


   Skills:
 * Level 19.6(19.3) Fighting
 + Level 18.7(18.4) Axes
 + Level 19.0(18.8) Armour
 + Level 13.6(13.4) Dodging
 - Level 15.2(14.9) Shields
 + Level 8.1(7.9) Spellcasting
 + Level 8.1(7.9) Charms
 - Level 9.0(8.7) Invocations
 + Level 9.9(9.7) Evocations


You had 15 spell levels left.
You knew the following spells:

 Your Spells              Type           Power        Failure   Level  Hunger
a - Animate Skeleton      Necr           N/A          43%         1    #......
b - Regeneration          Chrm/Necr      #.........   24%         3    ###....
c - Corona                Hex            #......      43%         1    #......
d - Blink                 Tloc           N/A          69%         2    ##.....
e - Conjure Flame         Conj/Fire      #.......     95%         3    ###....
f - Mephitic Cloud        Conj/Pois/Air  #.......     95%         3    ###....
g - Summon Butterflies    Summ           #.......     43%         1    #......
h - Apportation           Tloc           #.........   43%         1    #......
i - Summon Small Mammal   Summ           #...         43%         1    #......
j - Swiftness             Chrm/Air       #.......     14%         2    ##.....
k - Passwall              Trmt/Erth      #.........   95%         3    ###....


Dungeon Overview and Level Annotations

Branches:
Dungeon (15/15)            Temple (0/1) D:7            Lair (8/8) D:10
  Swamp (4/4) Lair:3        Snake (4/4) Lair:3        Slime (0/6) Lair:8
    Orc (4/4) D:12            Elf (0/3) Orc:4        Vaults (5/5) D:13
  Crypt (0/3) Vaults:3     Depths (0/5) D:15

Altars:
Ashenzari
Dithmenos
Elyvilon
Nemelex Xobeh
Okawaru
Qazlal
Sif Muna
Vehumet
Xom
Yredelemnul
The Shining One
Beogh

Shops:
D:14 (%!=   D:15 ([!*[   Orc:4 :[(:   Snake:1 }   Vaults:1 ?   Vaults:2 [
Vaults:3 (

Annotations:
Vaults:5 Mara, Sojobo


Innate Abilities, Weirdness & Mutations

You reflexively headbutt those who attack you in melee.
You have a pair of horns on your head.
You have sharp fingernails.
You are partially covered in icy blue scales (AC +1).
You are partially covered in molten scales (AC +1).
You have supernaturally acute eyesight.
You are resistant to electric shocks.


Message History

You kill the ironbrand convoker!
Qazlal accepts your kill.
The yaktaur wields an arbalest.
The yaktaur shoots a bolt.
The bolt is repelled.
You hear a distant blaring wail to the northwest.
You hear a shout!
Things that are here:
a mace; a ring mail You hear a roar!
You hear a distant "Zot"!
You hear a roar!
You hear a distant "Zot"!
You hear a distant "Zot"!
A quicksilver dragon comes into view.
You hear a distant "Zot"!
You slice the quicksilver dragon!! You headbutt the quicksilver dragon!
The quicksilver dragon is heavily wounded.
The quicksilver dragon misses you. x2
You hear a distant "Zot"!
The quicksilver dragon breathes dispelling energy at you.
The bolt of dispelling energy hits you!
You die...

#.. #..#
#. ##.#
# #.#
#.# #.#
#(# ##)#
###..#
#D@.##
#....###
#####


You could see a quicksilver dragon.

Vanquished Creatures
  Boris (Vaults:4)
  Frederick (Vaults:4)
  Saint Roka (Orc:4)
  2 liches
  Jorgrun (Swamp:3)
  A tentacled monstrosity (Vaults:4)
  A titan (Vaults:4)
  4 sphinxes
  Kirke (D:13)
  3 tengu reavers
  2 thorn hunters
  10 greater nagas
  5 vault wardens
  Donald (Swamp:1)
  The ghost of edsrzf the Phalangite, a journeyman MiAK of Lugonu (Snake:1)
  Maud (Lair:4)
  A deep elf sorcerer (D:11)
  2 frost giants
  Aizul (Snake:4)
  Louise (Snake:3)
  11 ironheart preservers
  4 war gargoyles
  A very ugly thing (Vaults:4)
  A stone giant (Vaults:4)
  A deep elf demonologist (Vaults:5)
  A deep elf annihilator (Vaults:1)
  2 salamander stormcallers (Vaults:3)
  2 green deaths (Swamp:4)
  A death ooze (Swamp:4)
  2 deep elf death magi
  6 ettins
  28 vault guards
  A minotaur (Lab)
  A deep elf high priest (Vaults:4)
  2 fire dragons
  Josephine (Lair:8)
  3 great orbs of eyes
  14 hydras
  Fannar (D:10)
  6 yaktaur captains
  10 centaur warriors
  11 naga warriors
  2 hell beasts (Swamp:4)
  An ice dragon (Vaults:4)
  2 catoblepae
  A ghost crab (Swamp:3)
  20 anacondas
  16 death yaks
  10 ogre magi
  11 shock serpents
  A vampire mage (D:11)
  A deep troll shaman (Vaults:1)
  2 tengu warriors (D:15)
  10 alligators
  A deep troll earth mage (Vaults:1)
  4 orc high priests (Orc:4)
  11 naga sharpshooters
  Sonja (D:13)
  A fire crab (Vaults:1)
  5 deep elf knights
  A hell knight (D:15)
  3 salamander mystics (Snake:4)
  16 skeletal warriors
  5 unseen horrors
  2 flayed ghosts
  8 deep trolls
  3 naga ritualists
  5 hill giants
  9 mana vipers
  7 swamp dragons
  5 orc sorcerers
  A deep elf summoner (Vaults:4)
  2 giant orange brains (Vaults:1)
  10 orc knights
  A shambling mangrove (Swamp:2)
  2 wizards (Vaults:2)
  2 phantasmal warriors (Vaults:4)
  5 harpies (Vaults:2)
  A wolf spider (Vaults:4)
  A manticore (shapeshifter) (Vaults:2)
  A manticore (D:14)
  16 ironbrand convokers
  3 necromancers
  7 hornets
  4 cyclopes
  2 tengu skeletons (Vaults:3)
  A sphinx skeleton (Vaults:3)
  4 griffons
  A stone giant skeleton (Vaults:5)
  14 elephants
  40 ugly things
  10 salamanders
  11 guardian serpents
  2 fire giant skeletons
  5 centaur zombies
  Joseph (D:9)
  3 orange demons (Swamp:4)
  An octopode (shapeshifter) (Vaults:4)
  3 ice statues (IceCv)
  18 naga magi
  Psyche (D:9)
  34 black mambas
  25 spiny frogs
  15 vault sentinels
  2 centaur skeletons
  10 komodo dragons
  2 kobold demonologists
  24 yaktaurs
  5 fire drakes
  A yaktaur skeleton (Vaults:3)
  2 freezing wraiths (Vaults:4)
  3 spriggan druids
  5 trolls
  A tengu conjurer (D:15)
  A troll (shapeshifter) (Vaults:3)
  8 giant leeches
  3 boulder beetles
  15 polar bears
  18 two-headed ogres
  2 deep elf priests
  A boulder beetle (shapeshifter) (Vaults:5)
  A two-headed ogre (shapeshifter) (Vaults:1)
  34 slime creatures
  A blink frog (shapeshifter) (Vaults:4)
  A trapdoor spider zombie (D:14)
  7 bog bodies
  An alligator zombie (Swamp:1)
  14 blink frogs
  11 wraiths
  7 redbacks (Lair:8)
  An ettin skeleton (Vaults:3)
  4 shadows
  10 deep elf magi
  16 spriggans
  5 deep elf fighters
  2 humans (shapeshifter)
  3 basilisks
  3 wyverns
  46 yaks
  A hog (D:13)
  13 hippogriffs
  8 wargs
  A spriggan skeleton (Swamp:1)
  27 vampire mosquitoes
  A hungry ghost (D:13)
  2 humans
  56 nagas
  2 mottled dragons
  25 swamp worms
  20 wolves
  An insubstantial wisp (Swamp:4)
  15 porcupines
  16 water moccasins
  4 large abominations (Swamp:4)
  A deep troll skeleton (Vaults:3)
  4 phantoms
  10 swamp drakes
  15 wasps
  10 ice beasts
  4 sky beasts
  3 soldier ants
  5 black bears
  6 necrophages
  44 orc warriors
  2 eyes of draining
  A hornet simulacrum (Swamp:1)
  25 centaurs
  39 ogres
  18 crocodiles
  13 boggarts
  An elf zombie (D:11)
  A big kobold (D:4)
  A gnoll sergeant (D:6)
  A deep troll simulacrum (Vaults:1)
  28 giant frogs
  A glowing shapeshifter simulacrum (Vaults:5)
  A human simulacrum (Vaults:3)
  3 jellies
  13 killer bees
  A scorpion (D:8)
  13 wights
  4 electric eels
  5 crimson imps
  8 hounds
  Crazy Yiuf (D:2)
  28 orc priests
  2 gnoll shamans (D:6)
  5 human skeletons
  3 human zombies (D:11)
  2 giant frog skeletons
  Terence (D:2)
  49 orc wizards
  7 iguanas
  29 sheep
  12 worker ants
  A killer bee zombie (D:7)
  2 hound zombies
  3 mummies
  A hound skeleton (D:9)
  11 adders
  55 gnolls
  70 river rats
  3 shadow imps
  12 white imps (Lair:2)
  3 oozes
  2 adder skeletons
  2 adder zombies
  3 worms
  6 giant geckos
  229 orcs
  4 ball pythons (Sewer)
  3 giant cockroaches
  36 goblins
  23 hobgoblins
  15 kobolds
  2 quokkas
  10 bats
  A giant gecko skeleton (D:7)
  3 giant gecko zombies
  11 giant newts
  20 jackals
  An orc zombie (D:11)
  6 rats
  9 briar patches
  7 bushes
  3 crawling corpses (Vaults:4)
  93 fungi
  42 plants
2136 creatures vanquished.

Vanquished Creatures (others)
  A vault guard (Vaults:5)
  A centaur warrior (D:13)
  A two-headed ogre (D:13)
  An orc warrior (D:13)
  A centaur (D:13)
  A brain worm (D:13)
  A big kobold (D:13)
  28 fungi
  6 plants
41 creatures vanquished.

Grand Total: 2177 creatures vanquished

Notes
Turn   | Place    | Note
--------------------------------------------------------------
     0 | D:1      | patrick the Minotaur Fighter began the quest for the Orb.
     0 | D:1      | Reached XP level 1. HP: 19/19 MP: 0/0
   273 | D:1      | Reached XP level 2. HP: 24/27 MP: 1/1
   579 | D:1      | Found a shattered altar of Ashenzari.
   843 | D:2      | Reached skill level 4 in Shields
   938 | D:2      | You fall through a shaft for 2 floors!
   942 | D:4      | Reached XP level 3. HP: 29/33 MP: 2/2
   947 | D:4      | Reached XP level 4. HP: 19/41 MP: 3/3
  1330 | D:3      | Reached XP level 5. HP: 42/47 MP: 4/4
  1635 | D:3      | Reached skill level 5 in Shields
  1649 | D:3      | Found a sparkling altar of Nemelex Xobeh.
  1722 | D:3      | Found a glowing drain.
  1734 | Sewer    | Entered a sewer
  2504 | D:3      | Reached skill level 5 in Fighting
  2504 | D:3      | Reached XP level 6. HP: 40/56 MP: 5/5
  2882 | D:2      | Noticed Terence
  2887 | D:2      | Killed Terence
  2902 | D:2      | Reached skill level 5 in Armour
  3292 | D:2      | Noticed Crazy Yiuf
  3299 | D:2      | Killed Crazy Yiuf
  3739 | D:4      | Reached skill level 5 in Axes
  3819 | D:4      | Noticed a big kobold
  3825 | D:4      | Reached XP level 7. HP: 53/61 MP: 6/6
  3831 | D:4      | Killed a big kobold
  3942 | D:4      | Noticed a giant frog
  3955 | D:4      | Killed a giant frog
  3955 | D:4      | Reached skill level 6 in Shields
  4199 | D:5      | Entered Level 5 of the Dungeon
  4352 | D:5      | Gained mutation: You are partially covered in molten scales (AC +1). [potion of mutation]
  4352 | D:5      | Gained mutation: You have sharp fingernails. [potion of mutation]
  4352 | D:5      | Gained mutation: You evolve. [potion of mutation]
  5362 | D:5      | Reached XP level 8. HP: 37/71 MP: 7/7
  5875 | D:5      | Gained mutation: You are resistant to electric shocks. [evolution]
  6062 | D:6      | Reached skill level 7 in Shields
  6238 | D:6      | Found a stormy altar of Qazlal.
  6238 | D:6      | Found a glowing golden altar of the Shining One.
  6238 | D:6      | Found a basalt altar of Yredelemnul.
  6252 | D:6      | Became a worshipper of Qazlal Stormbringer
  6647 | D:6      | Found a glowing golden altar of the Shining One.
  6715 | D:6      | Reached * piety under Qazlal
  6719 | D:6      | Reached skill level 8 in Shields
  6724 | D:6      | Reached XP level 9. HP: 72/81 MP: 8/8
  7072 | D:6      | Reached ** piety under Qazlal
  7449 | D:7      | Found a shadowy altar of Dithmenos.
  7459 | D:7      | Found a staircase to the Ecumenical Temple.
  7511 | D:7      | Got a scorched large shield
  7522 | D:7      | Identified the cursed +0 large shield of Deomunn {Regen+ Int-3 Stlth+} (You found it on level 7 of the Dungeon)
  7787 | D:7      | Reached skill level 9 in Shields
  8423 | D:9      | Reached *** piety under Qazlal
  8457 | D:9      | Reached XP level 10. HP: 91/91 MP: 9/9
  8644 | D:9      | Reached skill level 10 in Shields
  8650 | D:9      | Noticed Psyche
  8658 | D:9      | Killed Psyche
  8691 | D:9      | Reached **** piety under Qazlal
  8765 | D:9      | Noticed Joseph
  8785 | D:9      | Killed Joseph
  8785 | D:9      | Reached skill level 10 in Fighting
  8976 | D:9      | Reached skill level 10 in Armour
  9104 | D:10     | Entered Level 10 of the Dungeon
  9110 | D:10     | Noticed Fannar
  9140 | D:10     | Reached skill level 10 in Axes
  9196 | D:10     | Noticed a hill giant
  9208 | D:10     | Killed a hill giant
  9357 | D:10     | Noticed a death yak
  9359 | D:10     | Reached skill level 1 in Invocations
  9372 | D:10     | Reached skill level 11 in Shields
  9372 | D:10     | Reached XP level 11. HP: 77/101 MP: 10/10
  9374 | D:10     | Killed a death yak
  9393 | D:10     | Found a staircase to the Lair.
  9693 | Lair:1   | Entered Level 1 of the Lair of Beasts
 10453 | Lair:1   | Gained mutation: You are partially covered in icy blue scales (AC +1). [evolution]
 10517 | Lair:2   | Found a frozen archway.
 10546 | IceCv    | Entered an ice cave
 10799 | Lair:2   | Reached ***** piety under Qazlal
 11312 | Lair:3   | Found a shimmering altar of Xom.
 11350 | Lair:3   | Reached skill level 12 in Shields
 11413 | Lair:3   | Reached XP level 12. HP: 110/110 MP: 14/14
 11509 | Lair:3   | Found a staircase to the Snake Pit.
 11578 | Lair:3   | Found a staircase to the Swamp.
 12099 | Lair:4   | Noticed Maud
 12104 | Lair:4   | Reached skill level 5 in Invocations
 12119 | Lair:4   | Killed Maud
 12259 | Lair:4   | Reached skill level 13 in Shields
 12950 | Lair:5   | Reached XP level 13. HP: 117/119 MP: 16/16
 13368 | Lair:5   | Reached ****** piety under Qazlal
 13370 | Lair:5   | Found a shimmering altar of Xom.
 13827 | Lair:6   | Found an iron altar of Okawaru.
 15166 | Lair:7   | Reached skill level 14 in Shields
 15533 | Lair:8   | Entered Level 8 of the Lair of Beasts
 15544 | Lair:8   | Reached XP level 14. HP: 130/130 MP: 19/19
 15563 | Lair:8   | Reached skill level 1 in Dodging
 15649 | Lair:8   | Noticed Josephine
 15658 | Lair:8   | Killed Josephine
 16593 | Lair:8   | Reached skill level 5 in Dodging
 16680 | Lair:8   | Found a staircase to the Slime Pits.
 17272 | D:10     | Noticed a hill giant
 17277 | D:10     | Killed a hill giant
 17324 | D:10     | Killed Fannar
 17520 | D:10     | Learned a level 1 spell: Animate Skeleton
 17524 | D:10     | Learned a level 3 spell: Regeneration
 17871 | D:11     | Reached skill level 15 in Shields
 17952 | D:11     | Found a basalt altar of Yredelemnul.
 18267 | D:11     | Reached XP level 15. HP: 135/139 MP: 20/20
 18461 | D:11     | Identified Cosek's Volume of the Dusty Voyage
 18482 | D:11     | Found a deep blue altar of Sif Muna.
 18501 | D:11     | Noticed a deep elf sorcerer
 18509 | D:11     | Killed a deep elf sorcerer
 18509 | D:11     | Reached skill level 15 in Armour
 18521 | D:11     | Identified Deceemn's Grimoire of Attacks
 18539 | D:11     | Identified Haloemes's Guide on Excruciating Necromancy
 18541 | D:11     | Identified Sif Muna's Reference Book on the Captivating Frostbite
 18569 | D:11     | Paralysed by an orc sorcerer for 2 turns
 18712 | D:11     | Got a bloodstained battleaxe
 18714 | D:11     | Identified the +9 battleaxe of the Vine {elec, rC+ Int+4} (You found it on level 11 of the Dungeon)
 18726 | D:11     | Identified a +0 rod of ignition (14/14) (You found it on level 11 of the Dungeon)
 18894 | Lair:1   | Learned a level 1 spell: Corona
 18897 | Lair:1   | Learned a level 2 spell: Blink
 18901 | Lair:1   | Learned a level 3 spell: Conjure Flame
 18905 | Lair:1   | Learned a level 3 spell: Mephitic Cloud
 19016 | D:12     | Found a staircase to the Orcish Mines.
 19741 | D:12     | Reached skill level 15 in Fighting
 19940 | Orc:1    | Entered Level 1 of the Orcish Mines
 20369 | Orc:1    | Gained mutation: You have supernaturally acute eyesight. [evolution]
 20369 | Orc:1    | Lost mutation: You evolve. [end of evolution]
 21334 | Orc:4    | Entered Level 4 of the Orcish Mines
 21415 | Orc:4    | Reached skill level 15 in Axes
 21483 | Orc:4    | Found a roughly hewn altar of Beogh.
 21486 | Orc:4    | Found Maakhoc's Book Boutique.
 21531 | Orc:4    | Noticed Saint Roka
 21546 | Orc:4    | Killed Saint Roka
 21562 | Orc:4    | Reached skill level 1 in Charms
 21577 | Orc:4    | Reached skill level 1 in Spellcasting
 21953 | Orc:4    | Found a staircase to the Elven Halls.
 22012 | Orc:4    | Found a roughly hewn altar of Beogh.
 22056 | Orc:4    | Found a roughly hewn altar of Beogh.
 22101 | Orc:4    | Paralysed by an orc sorcerer for 4 turns
 22113 | Orc:4    | Found Uloos's Antique Armour Emporium.
 22114 | Orc:4    | Found a roughly hewn altar of Beogh.
 22115 | Orc:4    | Found Puru's Antique Weapon Shoppe.
 22128 | Orc:4    | Bought a bloodstained ring mail for 306 gold pieces
 22128 | Orc:4    | Bought a crude leather armour for 238 gold pieces
 22138 | Orc:4    | Identified the cursed +1 ring mail of the Gate {rElec} (You bought it in a shop on level 4 of the Orcish Mines)
 22149 | Orc:4    | Identified the cursed +1 leather armour of Defiance {Dex+4} (You bought it in a shop on level 4 of the Orcish Mines)
 22408 | Orc:4    | Found a roughly hewn altar of Beogh.
 22413 | Orc:4    | Found Xyntyfeve's Book Emporium.
 22482 | Orc:4    | Found a roughly hewn altar of Beogh.
 22815 | D:13     | Found a shimmering altar of Xom.
 22859 | D:13     | Found a labyrinth entrance.
 22890 | Lab      | Entered a labyrinth
 23012 | Lab      | Identified the Disquisition on Hurtful Ice
 23012 | Lab      | Got a sparkling silver ring
 23018 | D:13     | Identified a +9 rod of clouds (10/10) (You found it in a labyrinth)
 23020 | D:13     | Identified the ring "Omachaf" {+Inv rPois rC+} (You found it in a labyrinth)
 23041 | D:13     | Learned a level 1 spell: Summon Butterflies
 23043 | D:13     | Learned a level 1 spell: Apportation
 23121 | D:13     | Noticed Sonja
 23127 | D:13     | Killed Sonja
 23389 | D:13     | Noticed Kirke
 23393 | D:13     | Noticed a sphinx
 23587 | D:13     | Killed Kirke
 23677 | D:13     | Found a gate to the Vaults.
 23933 | D:14     | Found Sifador's Antique Weapon Shop.
 23937 | D:14     | Bought a steaming war axe for 340 gold pieces
 23937 | D:14     | Identified the +7 war axe "Asoal" {freeze, rPois MR+ Int-5} (You bought it in a shop on level 14 of the Dungeon)
 23949 | D:14     | Lost intelligence.
 23987 | D:14     | Found Ubof's Food Boutique.
 23987 | D:14     | Found Luxkiaro's Jewellery Shop.
 23999 | D:14     | Bought the amulet "Qidwun" {Faith rN+ MR+} for 681 gold pieces
 24096 | D:14     | Found a white marble altar of Elyvilon.
 24351 | D:14     | Reached XP level 16. HP: 126/149 MP: 21/21
 24382 | D:14     | Found Fuypp's Distillery.
 24398 | D:14     | Bought a potion of heal wounds for 75 gold pieces
 24398 | D:14     | Bought a potion of haste for 150 gold pieces
 24398 | D:14     | Bought a potion of curing for 45 gold pieces
 24398 | D:14     | Bought a potion of curing for 45 gold pieces
 24398 | D:14     | Bought a potion of haste for 150 gold pieces
 24398 | D:14     | Bought a potion of haste for 150 gold pieces
 24398 | D:14     | Bought a potion of heal wounds for 75 gold pieces
 24398 | D:14     | Bought a potion of heal wounds for 75 gold pieces
 24398 | D:14     | Bought a potion of might for 60 gold pieces
 24398 | D:14     | Bought a potion of invisibility for 120 gold pieces
 24620 | D:15     | Entered Level 15 of the Dungeon
 24640 | D:15     | Reached skill level 1 in Evocations
 24647 | D:15     | Found an iron altar of Okawaru.
 24923 | D:15     | Found Liefam's Distillery.
 25209 | D:15     | Bought a potion of heal wounds for 50 gold pieces
 25209 | D:15     | Bought 2 potions of curing for 60 gold pieces
 25209 | D:15     | Bought a potion of heal wounds for 50 gold pieces
 25209 | D:15     | Bought a potion of haste for 100 gold pieces
 25209 | D:15     | Bought a potion of heal wounds for 50 gold pieces
 25220 | D:15     | Found a staircase to the Depths.
 25240 | D:15     | Found Xefuergh's Armour Boutique.
 25243 | D:15     | Found Plog's Weapon Shop.
 25347 | D:15     | Found Ulemestro's Assorted Antiques.
 25355 | D:15     | Bought a scroll of teleportation for 72 gold pieces
 25355 | D:15     | Bought a potion of heal wounds for 120 gold pieces
 25427 | D:15     | Found Qotoefuys's Antique Armour Shoppe.
 25474 | D:15     | Found an iron altar of Okawaru.
 25499 | D:15     | Learned a level 1 spell: Summon Small Mammal
 26061 | Swamp:1  | Entered Level 1 of the Swamp
 26334 | Swamp:1  | Reached skill level 16 in Armour
 26543 | Swamp:1  | Got a bloodstained blowgun
 26552 | Swamp:1  | Identified the cursed +0 blowgun "Homojac" {evade, rC- Str+7 Dex+4} (You found it on level 1 of the Swamp)
 26553 | Swamp:1  | Noticed Donald
 26566 | Swamp:1  | Killed Donald
 27245 | Swamp:2  | Got a spiked scale mail
 27246 | Swamp:2  | Identified the +3 scale mail "Buihiem" {rF++ Str-4} (You found it on level 2 of the Swamp)
 27675 | Swamp:2  | Found a basalt altar of Yredelemnul.
 28274 | Swamp:3  | Noticed Jorgrun
 28282 | Swamp:3  | Killed Jorgrun
 29039 | Swamp:4  | Entered Level 4 of the Swamp
 29099 | Swamp:4  | Reached XP level 17. HP: 156/158 MP: 22/22
 29633 | Swamp:4  | Reached skill level 10 in Dodging
 29910 | Swamp:4  | Got a decaying rune of Zot
 30416 | Snake:1  | Entered Level 1 of the Snake Pit
 30481 | Snake:1  | Found Biapt's Gadget Boutique.
 30494 | Snake:1  | Bought a wand of heal wounds (1) for 450 gold pieces
 30501 | Snake:1  | Noticed edsrzf's ghost (journeyman MiAK)
 30511 | Snake:1  | Killed edsrzf's ghost
 30938 | Snake:2  | Reached skill level 5 in Evocations
 31223 | Snake:2  | Found a radiant altar of Vehumet.
 31234 | Snake:2  | Reached skill level 5 in Spellcasting
 31296 | Snake:2  | Reached skill level 5 in Charms
 31965 | Snake:3  | Learned a level 2 spell: Swiftness
 31972 | Snake:3  | Learned a level 3 spell: Passwall
 32321 | Snake:3  | Noticed Louise
 32336 | Snake:3  | Killed Louise
 32562 | Snake:3  | Reached XP level 18. HP: 159/168 MP: 25/25
 32650 | Snake:4  | Entered Level 4 of the Snake Pit
 32690 | Snake:4  | Reached skill level 17 in Fighting
 33174 | Snake:4  | Noticed Aizul
 33184 | Snake:4  | Killed Aizul
 34235 | Snake:4  | Got a serpentine rune of Zot
 34439 | Snake:4  | Identified a scroll of acquirement
 34440 | Snake:4  | Got a spiked cloak
 34441 | Snake:4  | Identified the +2 cloak of Action {rCorr Str+4 Int-4} (You acquired it on level 4 of the Snake Pit)
 35165 | Vaults:1 | Entered Level 1 of the Vaults
 35406 | Vaults:1 | Reached XP level 19. HP: 155/178 MP: 27/27
 35968 | Vaults:1 | Found Egeboig's Magic Scroll Shop.
 36001 | Vaults:1 | Bought a scroll of identify for 30 gold pieces
 36001 | Vaults:1 | Bought a scroll of enchant armour for 112 gold pieces
 36001 | Vaults:1 | Bought 3 scrolls of fog for 90 gold pieces
 36001 | Vaults:1 | Bought a scroll of identify for 30 gold pieces
 36001 | Vaults:1 | Bought a scroll of recharging for 142 gold pieces
 36123 | Vaults:1 | Reached skill level 18 in Fighting
 36957 | Vaults:2 | Found Xotoli's Antique Armour Shop.
 36968 | Vaults:2 | Bought a pair of glowing boots for 180 gold pieces
 37598 | Vaults:3 | Reached XP level 20. HP: 134/188 MP: 29/29
 38651 | Vaults:3 | Found Waquvakk's Antique Weapon Shop.
 39222 | Vaults:3 | Found a staircase to the Crypt.
 39523 | Vaults:4 | Noticed Boris
 39531 | Vaults:4 | Killed Boris
 39687 | Vaults:4 | Noticed Frederick
 39697 | Vaults:4 | Killed Frederick
 40554 | Vaults:4 | Reached skill level 19 in Fighting
 40825 | Vaults:5 | Entered Level 5 of the Vaults
 40825 | Vaults:5 | Noticed Mara
 40878 | Vaults:4 | Reached XP level 21. HP: 135/198 MP: 4/31
 41172 | Vaults:5 | Noticed Sojobo
 41560 | Vaults:5 | Noticed patrick's illusion
 41904 | Vaults:5 | Noticed patrick's illusion
 42414 | Vaults:5 | Noticed patrick's illusion
 42567 | Vaults:5 | Noticed patrick's illusion
 42741 | Vaults:5 | Noticed patrick's illusion
 42749 | Vaults:5 | HP: 7/199 [iron dragon (4)]
 42872 | Vaults:5 | Killed from afar by a quicksilver dragon

Action                   |  1- 3 |  4- 6 |  7- 9 | 10-12 | 13-15 | 16-18 | 19-21 || total
-------------------------+-------+-------+-------+-------+-------+-------+-------++-------
Melee: War axe           |    53 |   262 |   345 |   505 |   717 |       |       ||  1882
       Battleaxe         |       |       |       |       |   459 |  1095 |   766 ||  2320
       Unarmed           |       |       |       |       |    16 |       |       ||    16
Invok: Elemental Force   |       |       |       |     1 |       |       |       ||     1
       Disaster Area     |       |       |       |       |       |       |     9 ||     9
 Abil: Evoke Berserk Rag |       |       |       |       |     2 |       |       ||     2
Evoke: Wand              |       |       |       |     6 |     5 |     9 |     4 ||    24
  Use: Potion            |     1 |       |     9 |     4 |     5 |     7 |    29 ||    55
       Scroll            |       |       |    13 |    13 |    26 |    16 |     9 ||    77
 Stab: Invisible         |       |       |       |       |       |       |     1 ||     1
  Eat: Chunk             |       |    10 |     9 |     8 |    21 |    14 |    22 ||    84
       Fruit             |       |       |     2 |       |     7 |     4 |       ||    13
       Meat ration       |       |       |     1 |       |       |     2 |       ||     3
       Beef jerky        |       |       |       |     4 |       |     5 |       ||     9
       Pizza             |       |       |       |     6 |     3 |     2 |     1 ||    12
       Royal jelly       |       |       |       |       |       |       |     1 ||     1
